Map: Disco Bloodbath LE

Players

llllllllllll - Winner!

  • Race: Terran Terran
  • League: Grandmaster
  • Spawn Location: 9:00

IlIlIlIlIlIl (ShoWTimE)

  • Race: Protoss Protoss
  • League: Grandmaster
  • Spawn Location: 3:00

VOD

Have the link to the VOD?

Description

Time

  • Played on: Sept. 20, 2019, 2:56 p.m.
  • Length: 7:11
Show
View Real Time Build Order
Export as new Build Order

llllllllllll Terran - Winner!

Build Orders: Reaper Expand 

Get SALT Encoding   

  12  0:01  SCV  
  13  0:13  SCV  
  14  0:17  Supply Depot  
  14  0:25  SCV  
  15  0:39  SCV  
  15  0:40  Barracks  
  16  0:43  Refinery  
  16  0:51  SCV  
  17  1:03  SCV  
  18  1:15  SCV  
  19  1:27  Orbital Command, Reaper  
  20  1:42  Command Center  
  20  1:49  Bunker  
  20  1:53  SCV  
  21  1:57  Supply Depot  
  21  2:00  Marine  
  22  2:06  SCV  
  23  2:12  Factory  
  23  2:18  SCV  
  23  2:20  Refinery  
  24  2:24  Barracks Reactor  
  24  2:30  SCV  
  25  2:43  SCV  
  26  2:54  Orbital Command  
  26  2:55  SCV  
  26  2:57  Widow Mine  
  26  2:58  Starport  
  29  3:00  Marine x2  
  31  3:07  SCV  
  32  3:18  Marine x2  
  32  3:19  SCV  
  35  3:21  Widow Mine  
  35  3:23  SCV  
  38  3:28  Supply Depot  
  38  3:31  SCV  
  38  3:34  Medivac  
  41  3:35  SCV  
  41  3:36  Marine x2  
  44  3:43  Factory Tech Lab, SCV  
  44  3:47  SCV  
  46  3:49  Barracks  
  46  3:53  Marine  
  46  3:54  Marine  
  46  3:55  SCV  
  49  3:59  SCV  
  49  4:03  Supply Depot  
  49  4:07  SCV  
  49  4:09  Engineering Bay, Barracks  
  50  4:10  Starport Tech Lab  
  50  4:11  SCV  
  50  4:13  Refinery  
  51  4:18  Marine x2  
  51  4:19  SCV  
  54  4:25  SCV  
  54  4:27  Supply Depot  
  55  4:31  SCV  
  55  4:35  Terran Infantry Weapons Level 1  
  55  4:37  SCV  
  57  4:39  Marine x2  
  57  4:43  Stimpack, SCV  
  60  4:47  Marauder  
  60  4:49  SCV  
  60  4:50  Supply Depot  
  60  4:52  Starport Reactor  
  63  4:53  Factory Reactor  
  63  4:56  SCV  
  63  4:58  Marine x2  
  66  5:01  SCV  
  66  5:02  Supply Depot  
  67  5:08  Marauder, Combat Shield  
  67  5:12  Marauder  
  67  5:14  Supply Depot  
  71  5:15  SCV x2  
  71  5:16  Marine x2  
  71  5:21  Supply Depot  
  75  5:29  Medivac x2  
  75  5:32  Widow Mine x2  
  75  5:34  Marine x2  
  85  5:36  Marauder x2  
  89  5:46  Supply Depot  
  89  5:52  Marine x2  
  89  5:54  Widow Mine  
  89  5:55  Widow Mine  
  95  5:58  Marauder x2  
  95  6:03  SCV x2  
  101  6:07  Medivac x2  
  101  6:09  Supply Depot  
  101  6:10  Marine x2  
  107  6:19  Marauder  
  107  6:22  Refinery  
  107  6:24  Command Center  
  109  6:30  Marine  
  109  6:31  Marine, Marauder  
  109  6:32  Supply Depot  
  113  6:40  Marauder  
  113  6:52  SCV  
  113  6:53  SCV  
  107  7:06  Barracks  
  107  7:07  Barracks  
Show
View Real Time Build Order
Export as new Build Order

IlIlIlIlIlIl Protoss 

Build Orders: 1 Gate Expand, Phoenix Opening 

Get SALT Encoding   

  12  0:00  Probe  
  13  0:12  Probe  
  14  0:17  Pylon  
  14  0:24  Probe (Chrono Boost)  
  15  0:36  Gateway, Probe (Chrono Boost)  
  16  0:44  Probe (Chrono Boost)  
  16  0:45  Assimilator  
  17  0:51  Probe  
  18  1:03  Probe  
  19  1:15  Probe  
  20  1:23  Cybernetics Core  
  20  1:34  Nexus  
  20  1:37  Probe  
  21  1:43  Pylon  
  21  1:49  Probe  
  21  1:53  Assimilator  
  22  1:59  Adept (Chrono Boost)  
  24  2:01  Probe  
  24  2:05  Warp Gate  
  25  2:14  Probe (Chrono Boost)  
  26  2:21  Sentry  
  28  2:26  Probe (Chrono Boost)  
  29  2:34  Probe (Chrono Boost)  
  29  2:37  Robotics Facility  
  31  2:44  Probe (Chrono Boost)  
  31  2:46  Probe (Chrono Boost)  
  31  2:50  Stalker  
  34  2:55  Probe (Chrono Boost)  
  34  2:56  Phoenix, Probe (Chrono Boost)  
  36  3:00  Probe (Chrono Boost)  
  38  3:06  Probe (Chrono Boost)  
  38  3:12  Probe (Chrono Boost)  
  39  3:13  Gateway x2  
  40  3:23  Probe (Chrono Boost)  
  40  3:24  Probe (Chrono Boost)  
  40  3:25  Observer  
  42  3:27  Pylon  
  42  3:29  Probe  
  42  3:30  Probe  
  42  3:33  Assimilator x2  
  44  3:41  Probe, Pylon  
  44  3:42  Probe  
  46  3:53  Probe  
  46  3:54  Probe  
  47  4:04  Forge, Twilight Council  
  47  4:06  Probe (Chrono Boost)  
  47  4:07  Probe (Chrono Boost)  
  47  4:09  Observer  
  50  4:11  Stalker  
  50  4:12  Stalker  
  50  4:15  Stalker  
  56  4:19  Probe (Chrono Boost)  
  56  4:20  Pylon  
  56  4:23  Probe (Chrono Boost)  
  58  4:27  Probe (Chrono Boost)  
  58  4:30  Probe (Chrono Boost)  
  60  4:33  Observer  
  60  4:35  Blink (Chrono Boost)  
  61  4:39  Protoss Ground Weapons Level 1 (Chrono Boost)  
  61  4:47  Nexus  
  61  4:51  Pylon  
  61  4:54  Sentry  
  61  4:55  Sentry  
  65  5:01  Pylon  
  65  5:04  Probe x2  
  66  5:08  Immortal  
  70  5:18  Gateway x2  
  70  5:22  Gateway  
  70  5:24  Probe  
  70  5:26  Probe  
  72  5:32  Pylon  
  72  5:34  Sentry  
  74  5:37  Stalker x2  
  74  5:40  Probe  
  74  5:41  Probe  
  80  5:46  Shield Battery  
  80  5:50  Shield Battery  
  80  5:53  Observer, Probe x2  
  83  6:00  Stalker x2  
  83  6:03  Stalker  
  89  6:05  Probe  
  89  6:06  Probe  
  89  6:07  Probe  
  92  6:14  Pylon  
  92  6:15  Stalker  
  94  6:24  Immortal  
  98  6:25  Probe  
  98  6:26  Probe  
  98  6:27  Probe  
  101  6:33  Stalker x2  
  101  6:37  Stalker  
  105  6:52  Stalker x3  
  95  7:05  Stalker  
  95  7:06  Stalker x2  
Tags
 
Add a new tag
Caveats
  • Supply blocks, unpowered buildings, or Contaminate may cause inaccurate times.
  • Supply counts are checked every 10 seconds.